 Dungeon Crawl Stone Soup version 0.28-b1-1-g3c77fb2ed1 (webtiles) character file.

Game seed: 15294172161516544222

45 Boyo the Grasshopper (level 3, 0/31 HPs)
             Began as a Gnoll Warper on Jan 31, 2022.
             Was a High Priest of Ignis.
             Succumbed to an adder's poison
             ... on level 2 of the Dungeon.
             The game lasted 00:04:43 (972 turns).

Boyo the Grasshopper (Gnoll Warper)                  Turns: 972, Time: 00:04:43

Health: 0/31       AC:  3    Str: 11 (12) XL:     3   Next: 64%
Magic:  9/9        EV: 12    Int: 10 (12) God:    Ignis [*****.]
Gold:   36         SH:  0    Dex:  9 (11) Spells: 12/12 levels left

rFire   + . .      SeeInvis .   j - +2 short sword (drain)
rCold   . . .      Faith    .   (no shield)
rNeg    . . .      Spirit   .   b - +0 leather armour
rPois   .          Reflect  .   (no helmet)
rElec   .          Harm     .   (no cloak)
rCorr   .          Rampage  .   (no gloves)
Will    .....                   (no boots)
Stlth   +.........              (no amulet)
HPRegen 0.10/turn               (no ring)
MPRegen 0.11/turn               (no ring)

@: lethally poisoned (0 -> -2)
A: fangs 1, strong nose, distributed training
a: Renounce Religion, Fiery Armour, Foxfire Swarm, Rising Flame


You were on level 2 of the Dungeon.
You worshipped Ignis.
Ignis was extremely pleased with you.
You visited 1 branch of the dungeon, and saw 2 of its levels.

You collected 36 gold pieces.

Inventory:

Hand Weapons
 a - a +0 falchion
 j - a +2 short sword of draining (weapon)
Missiles
 d - 5 boomerangs of dispersal (quivered)
 f - 50 stones
Armour
 b - a +0 leather armour (worn)
Scrolls
 g - a scroll of brand weapon {unknown}
 k - a scroll of identify {unknown}
Potions
 h - a potion of invisibility {unknown}
 i - a potion of curing {unknown}


   Skills:
 + Level 4.5 Fighting
 + Level 0.9 Short Blades
 + Level 4.5 Long Blades
 + Level 0.9 Axes
 + Level 0.9 Maces & Flails
 + Level 0.9 Polearms
 + Level 0.9 Staves
 + Level 0.9 Slings
 + Level 0.9 Bows
 + Level 0.9 Crossbows
 + Level 2.6 Throwing
 + Level 2.6 Armour
 + Level 4.5 Dodging
 + Level 0.9 Stealth
 + Level 0.9 Shields
 + Level 0.9 Unarmed Combat
 + Level 5.0 Spellcasting
 + Level 0.6 Conjurations
 + Level 0.6 Hexes
 + Level 0.6 Summonings
 + Level 0.6 Necromancy
 + Level 5.4 Translocations
 + Level 0.6 Transmutations
 + Level 0.6 Fire Magic
 + Level 0.6 Ice Magic
 + Level 0.6 Air Magic
 + Level 0.6 Earth Magic
 + Level 0.6 Poison Magic
 + Level 1.0 Invocations
 + Level 0.9 Evocations


You had 12 spell levels left.
You didn't know any spells.
Your spell library contained the following spells:

 Spells                   Type           Power      Damage    Failure   Level
 Blink                    Tloc           26%        N/A       4%          2
 Gell's Gravitas          Tloc           13%        N/A       10%         3
 Lesser Beckoning         Tloc           13%        N/A       10%         3
 Teleport Other           Tloc           13%        N/A       10%         3
 Manifold Assault         Tloc           13%        N/A       65%         5


Dungeon Overview and Level Annotations

Branches:
Dungeon (2/15)

Altars:
Ignis


Innate Abilities, Weirdness & Mutations

You have very sharp teeth.
Your uncanny sense of smell can sniff out nearby items.
Your experience applies equally to all skills.


Message History

The adder poisons you!
You barely miss the adder.
You feel sick. The adder barely misses you. The adder misses you.
You miss the adder.
You feel sick. The adder barely misses you. The quokka bites you.
You miss the adder. Your bite misses the adder.
You feel sick. The adder barely misses you.
The quokka bites you but does no damage.
The adder bites you.
You barely miss the adder.
You feel sick. The quokka misses you. The adder bites you.
You closely miss the adder.
You feel sick. The quokka bites you. The adder bites you.
The quokka bites you but does no damage.
You barely miss the adder. Your bite misses the adder.
You feel sick.
You are no longer poisoned.
The adder bites you.
* * * LOW HITPOINT WARNING * * *
You are poisoned.
The adder poisons you! The quokka bites you.
* * * LOW HITPOINT WARNING * * *
The adder closely misses you.
* * * LOW HITPOINT WARNING * * *
You feel sick.
You don't know any spells.
Blink to where?
Press: ? - help, Dir - move target
As you read the scroll of blinking, it crumbles to dust.
* * * LOW HITPOINT WARNING * * *
You feel sick.
* * * LOW HITPOINT WARNING * * *
You feel sick.
* * * LOW HITPOINT WARNING * * *
You feel sick.
* * * LOW HITPOINT WARNING * * *
You feel sick.
It was a potion of degeneration.
There was something very wrong with that liquid.
You feel weakened.
You feel dopey.
You feel clumsy.
You die...

..########
.........#######
..>........@...#
.######.######.# #.#
#.# #.# #.# #.# #.#
#.# #.# #.######.#
#r# #. #.#......# #.#
#...#.#.###########.#


There were no monsters in sight!

Vanquished Creatures
  2 adders (D:2)
  2 dart slugs (D:1)
  2 endoplasms (D:2)
  3 goblins
  3 hobgoblins (D:1)
  2 kobolds (D:1)
  4 ball pythons
  A bat (D:1)
  3 frilled lizards (D:1)
22 creatures vanquished.

Notes
Turn   | Place    | Note
-------+----------+-------------------------------------------
     0 | D:1      | Boyo the Gnoll Warper began the quest for the Orb.
     0 | D:1      | Reached XP level 1. HP: 20/20 MP: 6/6
   146 | D:1      | Found a faded altar of an unknown god.
   153 | D:1      | Prayed at the altar of an unknown god.
   153 | D:1      | Became a worshipper of Ignis, the Dying Flame
   255 | D:1      | Reached XP level 2. HP: 26/26 MP: 7/7
   798 | D:2      | Reached skill level 5 in Spellcasting
   798 | D:2      | Reached XP level 3. HP: 31/31 MP: 7/9
   857 | D:2      | Reached skill level 1 in Invocations
   971 | D:2      | HP: 1/31 [poisoned by an adder]
   972 | D:2      | Succumbed to an adder's poison

Illustrated notes

Levels and vault maps discovered:
D:1:      dpeg_arrival_leaves_temple_mockup, layout_basic,
          basic_ecumenical_altar
D:2:      layout_basic, uniq_jessica

Skill      XL: |  1  2  3 |
---------------+----------+-----
Spellcasting   | 5 |  5.0
Invocations    | 1 |  1.0
Fighting       | |  4.5
Short Blades   | |  0.9
Long Blades    | |  4.5
Axes           | |  0.9
Maces & Flails | |  0.9
Polearms       | |  0.9
Staves         | |  0.9
Slings         | |  0.9
Bows           | |  0.9
Crossbows      | |  0.9
Throwing       | |  2.6
Armour         | |  2.6
Dodging        | |  4.5
Stealth        | |  0.9
Shields        | |  0.9
Unarmed Combat | |  0.9
Conjurations   | |  0.6
Hexes          | |  0.6
Summonings     | |  0.6
Necromancy     | |  0.6
Translocations | |  5.4
Transmutations | |  0.6
Fire Magic     | |  0.6
Ice Magic      | |  0.6
Air Magic      | |  0.6
Earth Magic    | |  0.6
Poison Magic   | |  0.6
Evocations     | |  0.9

Action                   || total
-------------------------++-------
Melee: Falchion          ||    21
       Short sword       ||    43
       Bite              ||     4
  Use: Scroll            ||     1
       Potion            ||     1
Armor: Leather armour    ||     5
Dodge: Dodged            ||    49
